 Dungeon Crawl Stone Soup version 0.30-a0-1035-g38d5fb2972 (webtiles) character file.

Game seed: 2426156361810110957

32 DeathPants the Stinger (level 3, 0/28 HPs)
             Began as a Naga Venom Mage on Apr 8, 2023.
             Slain by a quokka (3 damage)
             ... on level 2 of the Dungeon.
             The game lasted 00:04:16 (993 turns).

DeathPants the Stinger (Naga Venom Mage)             Turns: 993, Time: 00:04:16

Health: 0/28       AC:  2    Str: 12    XL:     3   Next: 27%
Magic:  1/6        EV:  9    Int: 15    God:
Gold:   67         SH:  0    Dex: 11    Spells: 3/6 levels left

rFire   . . .      SeeInvis +    a - +1 short sword (speed)
rCold   . . .      Faith    .    (no shield)
rNeg    . . .      Spirit   .    e - +0 robe
rPois   +          Reflect  .    (no helmet)
rElec   .          Rampage  .    (no cloak)
rCorr   .                        (no gloves)
Will    .....                    (no barding)
Stlth   ++                       (no amulet)
HPRegen 0.24/turn                (no ring)
MPRegen 0.10/turn                (no ring)

@: very slightly contaminated, very slow
A: AC +1, large, see invisible, deformed body, poison resistance, slowness 2,
spit poison 1, naga tail 1
a: Spit Poison


You were on level 2 of the Dungeon.
You visited 1 branch of the dungeon, and saw 2 of its levels.

You collected 67 gold pieces.

Inventory:

Hand Weapons
 a - a +1 short sword of speed (weapon)
 h - a +0 dagger
Missiles
 f - 12 poisoned darts
Armour
 e - a +0 robe (worn)
 j - a +0 buckler
Jewellery
 g - a ring of fire
Scrolls
 c - 2 scrolls of teleportation {unknown}
 k - a scroll of blinking {unknown}
Potions
 b - a potion of magic
 d - a potion of curing {unknown}
 i - a potion of flight {unknown}
 l - a potion of brilliance {unknown}


   Skills:
 - Level 1.5 Dodging
 - Level 3.0 Stealth
 - Level 2.0 Spellcasting
 - Level 1.0 Transmutations
 + Level 5.7 Poison Magic


You had 3 spell levels left.
You knew the following spells:

 Your Spells              Type           Power      Damage    Failure   Level
a - Sting                 Tmut/Pois      44%        1d5       5%          1
b - Poisonous Vapours     Pois/Air       20%        N/A       11%         2

Your spell library contained the following spells:

 Spells                   Type           Power      Damage    Failure   Level
 Mephitic Cloud           Conj/Pois/Air  7%         N/A       30%         3
 Olgreb's Toxic Radiance  Pois           18%        N/A       22%         4


Dungeon Overview and Level Annotations

Branches:
Dungeon (2/15)

Altars:


Innate Abilities, Weirdness & Mutations

Your serpentine skin is tough. (AC +1)
You have supernaturally acute eyesight. (SInv)
Armour fits poorly on your strangely shaped body.
Your system is resistant to poisons. (rPois)
You cover ground very slowly.
You can spit poison.
You have a snake-like lower body.


Message History

The sting misses the adder.
The adder barely misses you. The ball python bites you.
Aiming: Sting (safe; 5% risk of failure)
Press: ? - help, Q - select action, (/) - cycle Shift-Dir - straight line, f/p - adder
Aim: an adder (heavily wounded, poisoned, 53% to hit)
The sting misses the adder.
The adder bites you. The ball python bites you.
You miss the adder.
The adder is severely wounded.
The adder bites you. The ball python barely misses you.
You barely miss the adder.
The adder is severely wounded.
The adder bites you. The ball python bites you.
You hit the adder.
The adder is severely wounded.
The adder closely misses you. The quokka barely misses you.
The ball python misses you.
You closely miss the adder.
The adder is almost dead.
The adder bites you.
* * * LOW HITPOINT WARNING * * *
The quokka bites you.
* * * LOW HITPOINT WARNING * * *
Aiming: Sting (safe; 5% risk of failure)
Press: ? - help, Q - select action, (/) - cycle Shift-Dir - straight line, f - ball python, p - adder
Aim: a ball python (68% to hit)
The sting hits the ball python.
The ball python is poisoned.
The ball python is severely wounded.
The adder looks more healthy.
The ball python bites you.
* * * LOW HITPOINT WARNING * * *
The adder bites you but does no damage. The quokka barely misses you.
The ball python bites you but does no damage.
Aiming: Sting (safe; 5% risk of failure)
Press: ? - help, Q - select action, (/) - cycle Shift-Dir - straight line, f - quokka, p - ball python
Aim: a quokka (60% to hit)
You miscast Sting.
You are very lightly contaminated with residual magic.
Nothing appears to happen.
The adder bites you but does no damage. The quokka bites you.
You die...

....#.....####.##################
....#.###.####.# #####.# #......#
#.<...########## ##
#...)........... .#
#.....#......####.### #
#.....#......#...... ...
#.....#........##S#....#
#.....#....>...S@r.....+
#.....#.......#####....#
#.....#...~~$.# ..#
#.....###.~_$.# # .....~~$...
............. ...............
............... ...........?...


You could see an adder, a quokka and a ball python (poisoned).

Vanquished Creatures
  A dart slug (D:1)
  2 ball pythons (D:1)
  A bat (D:1)
  An endoplasm (D:1)
  2 giant cockroaches (D:2)
  4 goblins (D:1)
  3 hobgoblins (D:1)
  4 jackals (D:1)
  A quokka (D:2)
  A frilled lizard (D:1)
  2 kobolds (D:1)
  4 rats (D:1)
26 creatures vanquished.

Notes
Turn   | Place    | Note
-------+----------+-------------------------------------------
     0 | D:1      | DeathPants the Naga Venom Mage began the quest for the Orb.
     0 | D:1      | Reached XP level 1. HP: 15/15 MP: 3/3
   175 | D:1      | Reached XP level 2. HP: 22/22 MP: 3/5
   183 | D:1      | Learned a level 2 spell: Poisonous Vapours
   355 | D:1      | Reached skill level 5 in Poison Magic
   633 | D:2      | Reached XP level 3. HP: 15/28 MP: 4/6
   749 | D:1      | You fall into a shaft and drop 1 floor!
   966 | D:2      | Found a faded altar of an unknown god.
   993 | D:2      | Slain by a quokka

Illustrated notes

Levels and vault maps discovered:
D:1:      dpeg_arrival_orchard, layout_basic, minmay_cut_off
D:2:      layout_basic, hellmonk_ecumenical_altar_pennies_from_heaven,
          basic_altar, uniq_crazy_yiuf_cottage, uniq_robin

Skill      XL: |  1  2 |
---------------+-------+-----
Poison Magic   | 5 |  5.7
Dodging        | |  1.5
Stealth        | |  3.0
Spellcasting   | |  2.0
Transmutations | |  1.0

Action                     || total
---------------------------++-------
  Melee: Short sword       ||    41
   Cast: Sting             ||    35
Ability: Spit Poison       ||     2
   Stab: Sleeping          ||     2
 Armour: Robe              ||    14
  Dodge: Dodged            ||    27

Table legend: (Time is in decaauts)
 A = Elapsed time spent in this place.
 B = Non-inter-level travel time spent in this place.
 C = Inter-level travel time spent in this place.
 D = Time resting spent in this place.
 E = Time spent auto-exploring this place.
 F = Levels seen in this place.
 G = Mean time per level.
                   A        B        C        D        E       F      G
               +--------+--------+--------+--------+--------+-----+--------+
         Total |   1196 |   1196 |      0 |     54 |    785 |   2 |  598.0 |
       Dungeon |   1196 |   1196 |      0 |     54 |    785 |   2 |  598.0 |
               +--------+--------+--------+--------+--------+-----+--------+

Top non-repeatable levels by time:
     D:1: 1005 daAuts
     D:2: 191 daAuts
